Workbook

Sheet COSTO DE VENTA
A2: COSTO DE VENTA 2022
B3: ENERO | C3: FEBRERO | D3: MARZO | E3: ABRIL | F3: MAYO | G3: JUNIO | H3: JULIO | I3: AGOSTO | J3: SEPTIEMBRE | K3: OCTUBRE | L3: NOVIEMBRE | M3: DICIEMBRE
A4: INVENTARIO INICIAL | B4: 2321769.6 | C4: =B6 -> 2271894 | D4: =C6 -> 2341795.3 | E4: =D6 -> 2449958.2 | F4: =E6 -> 2345880.9 | G4: =F6 -> 2422158.5 | H4: =G6 -> 0 | I4: =H6 -> 0 | J4: =I6 -> 0 | ... M4: =L6 -> 0
A5: COMPRAS NETAS | B5: =ENERO!C2+ENERO!C3+ENERO!C5-ENERO!D8 -> 267950.86 | C5: =FEBRERO!C2+FEBRERO!C3+FEBRERO!C4+FEBRERO!C5-FEBRERO!D2-FEBRERO!D8-FEBRERO!D9 -> 355984.15 | D5: =MARZO!C2+MARZO!C3+MARZO!C4+MARZO!C5-MARZO!D2-MARZO!D8 -> 409717.73 | E5: =ABRIL!C2+ABRIL!C3+ABRIL!C4+ABRIL!C5-ABRIL!D2-ABRIL!D8 -> 157480.35 | F5: =MAYO!C2+MAYO!C3+MAYO!C4+MAYO!C5-MAYO!D2-MAYO!D8-MAYO!D9 -> 374410.54 | N5: =SUM(B5:M5) -> 1565543.6
A6: INVENTARIO FINAL | B6: 2271894 | C6: 2341795.3 | D6: 2449958.2 | E6: 2345880.9 | F6: 2422158.5
A7: PDT ANUAL 2019 | B7: =B4+B5-B6 -> 317826.4 | C7: =C4+C5-C6 -> 286082.85 | D7: =D4+D5-D6 -> 301554.89 | E7: =E4+E5-E6 -> 261557.59 | F7: =F4+F5-F6 -> 298132.95 | N7: =SUM(B7:M7) -> 1465154.7
A8: SISTEMA SPRINTER CTA 69 | B8: 317826.4 | C8: 286082.85 | D8: 301554.89 | E8: 261557.59 | F8: 298132.95 | N8: =SUM(B8:M8) -> 1465154.7
A9: DIFERENCIA | B9: =B8-B7 -> 0 | C9: =C8-C7 -> 0 | D9: =D8-D7 -> 0 | E9: =E8-E7 -> 0 | F9: =F8-F7 -> 0 | G9: =G8-G7 -> 0 | H9: =H8-H7 -> 0 | I9: =I8-I7 -> 0 | ... M9: =M8-M7 -> 0
A11: CTA 60 | B11: =ENERO!C2+ENERO!C3+ENERO!C5 -> 267977.35 | C11: =FEBRERO!C2+FEBRERO!C3+FEBRERO!C4+FEBRERO!C5-FEBRERO!D2 -> 356044.27 | D11: =MARZO!C2+MARZO!C3+MARZO!C4+MARZO!C5-MARZO!D2 -> 409793.13 | E11: =ABRIL!C2+ABRIL!C3+ABRIL!C4+ABRIL!C5-ABRIL!D2 -> 157462.05 | F11: =MAYO!C2+MAYO!C3+MAYO!C4+MAYO!C5-MAYO!D2 -> 374453.67 | N11: =SUM(B11:M11) -> 1565730.5
A12: CTA 61 | B12: =ENERO!D6 -> 267977.35 | C12: =FEBRERO!D6-FEBRERO!C6 -> 356042.72 | D12: =MARZO!D6-MARZO!C6 -> 409793.13 | E12: =ABRIL!D6-ABRIL!C6 -> 157462.05 | F12: =MAYO!D6-MAYO!C6 -> 374428.16 | N12: =SUM(B12:M12) -> 1565703.4
A13: AJUSTE GASTOS VINCULADOS | B13: =ENERO!D8 -> 26.49 | C13: 58.57 | D13: 75.4 | E13: -18.3 | F13: 17.62 | N13: =SUM(B13:M13) -> 159.78
A14: OBSEQUIO CLIENTE | N14: =SUM(B14:M14) -> 0
A15: AUTOCONSUMO TIENDA | C15: 1.55 | F15: 25.51 | N15: =SUM(B15:M15) -> 27.06
D17: BALANCE COMPROBACION 2022
D18: 60111 | E18: MERCADERIAS MANUFACTURADAS
D19: 60911 | E19: TRANSPORTE
D20: 60912 | E20: SEGUROS
D21: 60919 | E21: OTROS COSTOS VINCULADOS CON LAS COMPRAS DE MERCADERIAS
I22: =SUM(I18:I21) -> 0
D24: 6111 | E24: MERCADERIAS MANUFACTURADAS

Sheet ENERO
A1: ENERO
A2: 60111 | B2: Mercaderias manufacturadas | C2: 265234.45
A3: 60911 | B3: Transporte | C3: 2668.09
A4: 60912 | B4: Seguros
A5: 60919 | B5: Otros costos vinculados con las compras | C5: 74.81
A6: 61111 | B6: Mercaderias | D6: 267977.35
C7: =SUM(C2:C6) -> 267977.35 | D7: =SUM(D2:D6) -> 267977.35
A8: 953111 | B8: SERVICIO DE TRANSPORTE DE CARGA - NACIONAL. | D8: 26.49
B11: RESULTADO | C11: 45917.02
B12: al 31/01/22

Sheet FEBRERO
A1: FEBRERO
A2: 60111 | B2: Mercaderias manufacturadas | C2: 367087.16 | D2: 14514.46
A3: 60911 | B3: Transporte | C3: 3378.69
A4: 60912 | B4: Seguros | C4: 18.8
A5: 60919 | B5: Otros costos vinculados con las compras | C5: 74.08
A6: 61111 | B6: Mercaderias | C6: 14516.01 | D6: 370558.73
C7: =SUM(C2:C6) -> 385074.74 | D7: =SUM(D2:D6) -> 385073.19
A8: 953111 | B8: SERVICIO DE TRANSPORTE DE CARGA - NACIONAL. | D8: 58.57
A9: 945616 | B9: GASTOS DE AUTOCONSUMO | D9: 1.55
B11: RESULTADO | C11: 72985.84
B12: al 28/02/22

Sheet MARZO
A1: MARZO
A2: 60111 | B2: Mercaderias manufacturadas | C2: 443905.25 | D2: 37238.27
A3: 60911 | B3: Transporte | C3: 3010.87
A4: 60912 | B4: Seguros | C4: 34.16
A5: 60919 | B5: Otros costos vinculados con las compras | C5: 81.12
A6: 61111 | B6: Mercaderias | C6: 37238.27 | D6: 447031.4
C7: =SUM(C2:C6) -> 484269.67 | D7: =SUM(D2:D6) -> 484269.67
A8: 953111 | B8: SERVICIO DE TRANSPORTE DE CARGA - NACIONAL. | D8: 75.4
A9: 945616 | B9: GASTOS DE AUTOCONSUMO | D9: =C7-D7 -> 0
B11: RESULTADO | C11: 116317.13
B12: al 31/03/2022

Sheet ABRIL
A1: ABRIL
A2: 60111 | B2: Mercaderias manufacturadas | C2: 158795.56 | D2: 3043.9
A3: 60911 | B3: Transporte | C3: 1673.65
A4: 60912 | B4: Seguros | C4: 9.96
A5: 60919 | B5: Otros costos vinculados con las compras | C5: 26.78
A6: 61111 | B6: Mercaderias | C6: 3043.9 | D6: 160505.95
C7: =SUM(C2:C6) -> 163549.85 | D7: =SUM(D2:D6) -> 163549.85
A8: 953111 | B8: SERVICIO DE TRANSPORTE DE CARGA - NACIONAL. | D8: -18.3
A9: 945616 | B9: GASTOS DE AUTOCONSUMO | D9: =C7-D7 -> 0
B11: RESULTADO | C11: 130252.23
B12: al 30/04/2022

Sheet MAYO
A1: MAYO
A2: 60111 | B2: Mercaderias manufacturadas | C2: 373004.8 | D2: 2263.62
A3: 60911 | B3: Transporte | C3: 3616.04
A4: 60912 | B4: Seguros | C4: 38.11
A5: 60919 | B5: Otros costos vinculados con las compras | C5: 58.34
A6: 61111 | B6: Mercaderias | C6: 2289.13 | D6: 376717.29
C7: =SUM(C2:C6) -> 379006.42 | D7: =SUM(D2:D6) -> 378980.91
A8: 953111 | B8: SERVICIO DE TRANSPORTE DE CARGA - NACIONAL. | D8: 17.62
A9: 945616 | B9: GASTOS DE AUTOCONSUMO | D9: =C7-D7 -> 25.51
B11: RESULTADO | C11: 178118.61
B12: al 31/05/2022

Sheet JUNIO
A1: JUNIO
A2: 60111 | B2: Mercaderias manufacturadas
A3: 60911 | B3: Transporte
A4: 60912 | B4: Seguros
A5: 60919 | B5: Otros costos vinculados con las compras
A6: 61111 | B6: Mercaderias
C7: =SUM(C2:C6) -> 0 | D7: =SUM(D2:D6) -> 0
A8: 953111 | B8: SERVICIO DE TRANSPORTE DE CARGA - NACIONAL. | D8: 85.62
A9: 945616 | B9: GASTOS DE AUTOCONSUMO | D9: =C7-D7 -> 0
B11: RESULTADO | C11: 122123.58
B12: al 30/06/2022

Sheet JULIO
A1: JULIO
A2: 60111 | B2: Mercaderias manufacturadas
A3: 60911 | B3: Transporte
A4: 60912 | B4: Seguros
A5: 60919 | B5: Otros costos vinculados con las compras
A6: 61111 | B6: Mercaderias
C7: =SUM(C2:C6) -> 0 | D7: =SUM(D2:D6) -> 0
A8: 953111 | B8: SERVICIO DE TRANSPORTE DE CARGA - NACIONAL. | D8: 9.3
A9: 945616 | B9: GASTOS DE AUTOCONSUMO | D9: =C7-D7 -> 0
B11: RESULTADO | C11: 0
B12: al 31/07/2022

Sheet AGOSTO 
A1: AGOSTO
A2: 60111 | B2: Mercaderias manufacturadas
A3: 60911 | B3: Transporte
A4: 60912 | B4: Seguros
A5: 60919 | B5: Otros costos vinculados con las compras
A6: 61111 | B6: Mercaderias
C7: =SUM(C2:C6) -> 0 | D7: =SUM(D2:D6) -> 0
A8: 953111 | B8: SERVICIO DE TRANSPORTE DE CARGA - NACIONAL. | D8: 0
A9: 945616 | B9: GASTOS DE AUTOCONSUMO | D9: 0
B11: RESULTADO | C11: 0
B12: al 31/08/2022

Sheet SETIEMBRE
A1: SETIEMBRE
A2: 60111 | B2: Mercaderias manufacturadas
A3: 60911 | B3: Transporte
A4: 60912 | B4: Seguros
A5: 60919 | B5: Otros costos vinculados con las compras
A6: 61111 | B6: Mercaderias
C7: =SUM(C2:C6) -> 0 | D7: =SUM(D2:D6) -> 0
A8: 953111 | B8: SERVICIO DE TRANSPORTE DE CARGA - NACIONAL. | D8: 0
A9: 945616 | B9: GASTOS DE AUTOCONSUMO
B11: RESULTADO | C11: 0
B12: al 30/09/2022

Sheet OCTUBRE
A1: OCTUBRE
A2: 60111 | B2: Mercaderias manufacturadas
A3: 60911 | B3: Transporte
A4: 60912 | B4: Seguros
A5: 60919 | B5: Otros costos vinculados con las compras
A6: 61111 | B6: Mercaderias
C7: =SUM(C2:C6) -> 0 | D7: =SUM(D2:D6) -> 0
A8: 953111 | B8: SERVICIO DE TRANSPORTE DE CARGA - NACIONAL. | D8: 0
A9: 945616 | B9: GASTOS DE AUTOCONSUMO
B11: RESULTADO | C11: 0
B12: al 31/10/2022

Sheet NOVIEMBRE
A1: NOVIEMBRE
A2: 60111 | B2: Mercaderias manufacturadas
A3: 60911 | B3: Transporte
A4: 60912 | B4: Seguros
A5: 60919 | B5: Otros costos vinculados con las compras
A6: 61111 | B6: Mercaderias
C7: =SUM(C2:C6) -> 0 | D7: =SUM(D2:D6) -> 0
A8: 953111 | B8: SERVICIO DE TRANSPORTE DE CARGA - NACIONAL. | D8: 0
A9: 945616 | B9: GASTOS DE AUTOCONSUMO
B11: RESULTADO | C11: 0
B12: al 30/11/2022

Sheet DICIEMBRE
A1: DICIEMBRE
A2: 60111 | B2: Mercaderias manufacturadas
A3: 60911 | B3: Transporte
A4: 60912 | B4: Seguros
A5: 60919 | B5: Otros costos vinculados con las compras
A6: 61111 | B6: Mercaderias
C7: =SUM(C2:C6) -> 0 | D7: =SUM(D2:D6) -> 0
A8: 953111 | B8: SERVICIO DE TRANSPORTE DE CARGA - NACIONAL. | D8: 0
A9: 945616 | B9: GASTOS DE AUTOCONSUMO
B11: RESULTADO | C11: 0
B12: al 31/12/2022
